[Event "Titled Tuesday Blitz February 28 Late 2023"]
[White "Kramnik, Vladimir"]
[Black "Real_OceanStorm"]
[WhiteFideId "4101588"]
[WhiteElo "2712"]
[BlackElo "2781"]
[Result "1-0"]
[Round "07"]
[TimeControl "180+2"]
[Date "2023.02.28"]
[WhiteClock "0:00:08"]
[BlackClock "0:00:02"]

1. c4 Nf6 2. Nc3 e5 3. Nf3 Nc6 4. d3 d5 5. cxd5 Nxd5 6. e3 Be7 7. Be2 O-O 8. O-O Be6 9. Bd2 f5 10. a3 h6 11. b4 a6 12. Nxd5 Qxd5 13. Bc3 Rad8 14. Qb1 e4 15. dxe4 fxe4 16. Nd2 b5 17. Qxe4 Bf6 18. Bxf6 Rxf6 19. Qxd5 Bxd5 20. Rfd1 Ne5 21. f4 Nf7 22. Nf3 c6 23. Ne5 Re6 24. Bg4 Re7 25. Nxf7 Kxf7 26. Kf2 g6 27. Bf3 Rde8 28. Bxd5+ cxd5 29. Rd3 Rc8 30. Rad1 Rc2+ 31. R1d2 Rxd2+ 32. Rxd2 Ke6 33. Rc2 d4 34. e4 g5 35. g3 Kd6 36. Kf3 g4+ 37. Kxg4 Rxe4 38. Kf5 Re7 39. Kf6 Re3 40. f5 Rxa3 41. Kg7 Rf3 42. g4 d3 43. Rd2 Ke5 44. h4 Rf4 45. g5 hxg5 46. h5 g4 47. Rxd3 Ke4 48. Rg3 Kxf5 49. h6 Rf3 50. Rxf3+ gxf3 51. h7 Ke4 52. h8=Q 1-0


[Site "https://www.chess.com"]

[Event "Titled Tuesday Blitz February 28 Late 2023"]
[White "Mendonca, Leon Luke"]
[Black "Sjugirov, Sanan"]
[WhiteFideId "35028561"]
[BlackFideId "4189302"]
[WhiteElo "2464"]
[BlackElo "2569"]
[Result "1-0"]
[Round "07"]
[TimeControl "180+2"]
[Date "2023.02.28"]
[WhiteClock "0:00:53"]
[BlackClock "0:00:02"]

1. Nf3 d5 2. g3 Bg4 3. Bg2 Nd7 4. c4 e6 5. cxd5 exd5 6. O-O Ngf6 7. d3 Bc5 8. Qb3 Bb6 9. Nc3 c6 10. Na4 O-O 11. Nxb6 axb6 12. Qc2 Re8 13. b3 Qe7 14. Re1 Qc5 15. Qd2 b5 16. a3 Qd6 17. Bb2 c5 18. h3 Bh5 19. Nh4 Bg6 20. Rad1 Rad8 21. e4 dxe4 22. Nxg6 hxg6 23. dxe4 Qc7 24. Qc3 b6 25. e5 Nh5 26. Qe3 Ndf6 27. Rxd8 Qxd8 28. g4 1-0


[Site "https://www.chess.com"]

[Event "Titled Tuesday Blitz February 28 Late 2023"]
[White "Durarbayli, Vasif"]
[Black "Pulpan, Jakub"]
[WhiteFideId "13402935"]
[BlackFideId "302759"]
[WhiteElo "2543"]
[BlackElo "2484"]
[Result "1-0"]
[Round "07"]
[TimeControl "180+2"]
[Date "2023.02.28"]
[WhiteClock "0:00:07"]
[BlackClock "0:00:01"]

1. e4 c5 2. Nf3 Nc6 3. d4 cxd4 4. Nxd4 g6 5. Nc3 Bg7 6. Be3 Nf6 7. Be2 O-O 8. O-O d5 9. exd5 Nxd5 10. Nxd5 Nxd4 11. Bxd4 Qxd5 12. Bxg7 Qxd1 13. Rfxd1 Kxg7 14. Bf3 Be6 15. b3 Rac8 16. c4 b6 17. Kf1 Rc5 18. Rd4 Rfc8 19. Be2 h5 20. Rad1 Kf6 21. f4 Rf5 22. Bd3 Rfc5 23. Kf2 g5 24. g3 gxf4 25. Rxf4+ Kg7 26. Be2 Rh8 27. Rdd4 Re5 28. b4 a5 29. a3 axb4 30. axb4 Ra8 31. Rde4 Rxe4 32. Rxe4 Ra2 33. Ke3 Kf6 34. Rh4 Rb2 35. b5 Rc2 36. Bd3 Rc1 37. Kd2 Ra1 38. Rxh5 Ra2+ 39. Kc3 Ra1 40. c5 bxc5 41. Rxc5 Ra3+ 42. Kd4 Rb3 43. h4 Bd7 44. Rd5 Be6 45. Rg5 Bd7 46. Bc4 Rb1 47. Kc5 e6 48. Rg8 Ke7 49. b6 e5 50. h5 e4 51. h6 e3 52. h7 Rh1 53. h8=Q Rf1 1-0


[Site "https://www.chess.com"]

[Event "Titled Tuesday Blitz February 28 Late 2023"]
[White "Aldokhin, Ivan"]
[Black "Chigaev, Maksim"]
[WhiteFideId "24115720"]
[BlackFideId "4108116"]
[WhiteElo "2322"]
[BlackElo "2547"]
[Result "0-1"]
[Round "07"]
[TimeControl "180+2"]
[Date "2023.02.28"]
[WhiteClock "0:00:01"]
[BlackClock "0:00:18"]

1. e4 c5 2. Nf3 e6 3. d4 cxd4 4. Nxd4 Nf6 5. Nc3 Nc6 6. Nxc6 bxc6 7. Bd3 d5 8. Qe2 Be7 9. O-O O-O 10. Bf4 Nd7 11. Na4 a5 12. c4 e5 13. Bd2 d4 14. a3 c5 15. f4 Bb7 16. g3 Bc6 17. b3 Rb8 18. Bc2 exf4 19. Bxf4 Rb7 20. e5 Nb6 21. Nxb6 Rxb6 22. e6 f5 23. g4 d3 24. Bxd3 Rxb3 25. Bxf5 Qd4+ 26. Qf2 g6 27. Bc2 Rc3 28. Qxd4 cxd4 29. Bd1 Bc5 30. Rc1 d3+ 31. Rf2 Rxc1 32. Bxc1 Rxf2 0-1


[Site "https://www.chess.com"]

[Event "Titled Tuesday Blitz February 28 Late 2023"]
[White "Yoo, Christopher Woojin"]
[Black "Fernandez Guillen, Ernesto J."]
[WhiteFideId "30909694"]
[BlackFideId "3512428"]
[WhiteElo "2519"]
[BlackElo "2423"]
[Result "1-0"]
[Round "07"]
[TimeControl "180+2"]
[Date "2023.02.28"]
[WhiteClock "0:00:22"]
[BlackClock "0:00:06"]

1. e4 e5 2. Nf3 Nc6 3. Bb5 f5 4. d3 fxe4 5. dxe4 Nf6 6. O-O d6 7. Qd3 Bg4 8. Nc3 Be7 9. Qc4 Bxf3 10. Bxc6+ bxc6 11. Qxc6+ Nd7 12. gxf3 O-O 13. Nd5 Rc8 14. f4 exf4 15. Bxf4 Bf6 16. c3 h5 17. Kh1 Be5 18. Qc4 Kh8 19. Be3 Rf3 20. Rg1 Qh4 21. Rg2 c6 22. Bg5 Qh3 23. Ne7 Re8 24. Qxc6 Kh7 25. Nf5 Rxf2 26. Rxf2 Bxh2 27. Rxh2 Qf3+ 28. Kg1 Rxe4 29. Rxh5+ Kg8 30. Qd5+ 1-0


[Site "https://www.chess.com"]

[Event "Titled Tuesday Blitz February 28 Late 2023"]
[White "Preotu, Razvan"]
[Black "Sarana, Alexey"]
[WhiteFideId "2613280"]
[BlackFideId "24133795"]
[WhiteElo "2407"]
[BlackElo "2717"]
[Result "0-1"]
[Round "07"]
[TimeControl "180+2"]
[Date "2023.02.28"]
[WhiteClock "0:00:32"]
[BlackClock "0:01:55"]

1. e4 c5 2. Nc3 d6 3. d4 cxd4 4. Qxd4 Nf6 5. b3 g6 6. Bb2 Bh6 7. e5 Nc6 8. Bb5 dxe5 9. Qxd8+ Kxd8 10. Rd1+ Kc7 11. Nd5+ Nxd5 12. Rxd5 f6 13. Ne2 Be6 14. Rd1 Rhd8 15. Ba3 Rxd1+ 16. Kxd1 Rd8+ 17. Ke1 Bd2+ 18. Kf1 Bc1 19. Nxc1 Rd1+ 20. Ke2 Rxh1 21. Bxc6 Kxc6 22. Nd3 Bf5 23. Ne1 Kd7 24. h3 g5 25. f3 h5 26. Bb4 h4 27. Bd2 e4 28. c4 exf3+ 29. Kxf3 e5 30. Kf2 Bb1 0-1


[Site "https://www.chess.com"]

[Event "Titled Tuesday Blitz February 28 Late 2023"]
[White "Wieczorek, Oskar"]
[Black "Rustemov, Alexander"]
[WhiteFideId "1133950"]
[BlackFideId "4119002"]
[WhiteElo "2418"]
[BlackElo "2902"]
[Result "1-0"]
[Round "07"]
[TimeControl "180+2"]
[Date "2023.02.28"]
[WhiteClock "0:00:15"]
[BlackClock "0:00:38"]

1. e4 e6 2. Qe2 d5 3. exd5 Qxd5 4. Nc3 Qd8 5. Nf3 c5 6. g3 Nc6 7. Bg2 Nge7 8. O-O Nf5 9. Ne4 Nfd4 10. Nxd4 cxd4 11. d3 Be7 12. f4 O-O 13. c4 dxc3 14. bxc3 b6 15. Kh1 Ba6 16. Rd1 Rc8 17. Bb2 Qd7 18. c4 Nd4 19. Qf2 Rfd8 20. Ng5 h6 21. Nf3 Bc5 22. Ne5 Qc7 23. Qf1 Nf5 24. Qe2 Ne3 25. d4 Nxd1 26. Rxd1 Bd6 27. Nc6 Rd7 28. Qg4 Bxc4 29. d5 f5 30. Qg6 Bxd5 31. Rxd5 Qxc6 32. Qxe6+ Kh7 33. Qxf5+ Kh8 34. Qe6 Kh7 35. Be4+ Kh8 36. Qxh6+ Kg8 37. Qe6+ Kf8 38. Rf5+ 1-0


[Site "https://www.chess.com"]

[Event "Titled Tuesday Blitz February 28 Late 2023"]
[White "Jaracz, Pawel"]
[Black "Svane, Frederik"]
[WhiteFideId "1102222"]
[BlackFideId "12923044"]
[WhiteElo "2438"]
[BlackElo "2502"]
[Result "0-1"]
[Round "07"]
[TimeControl "180+2"]
[Date "2023.02.28"]
[WhiteClock "0:00:04"]
[BlackClock "0:00:26"]

1. e4 c5 2. Nf3 e6 3. d4 cxd4 4. Nxd4 Nc6 5. Nc3 Qc7 6. Be3 a6 7. Qf3 b5 8. Nxc6 Qxc6 9. Bd3 Bb7 10. O-O Nf6 11. Bd4 Bc5 12. Bxf6 gxf6 13. Qxf6 Rg8 14. Ne2 Rg6 15. Qh4 Be7 16. Qxh7 d5 17. e5 Rg5 18. Nd4 Qc5 19. Nf3 Rg4 20. c3 d4 21. Qh3 Rg8 22. cxd4 Qd5 23. Be2 O-O-O 24. Rfc1+ Kb8 25. Kf1 Qe4 26. Qh6 Bg5 27. Nxg5 Qxg2+ 28. Ke1 Rxg5 29. Rc3 Qh1+ 30. Bf1 Qe4+ 31. Re3 Qxd4 32. Rd3 Rxe5+ 33. Kd1 Bf3+ 34. Kc2 Rc8+ 35. Rc3 Be4+ 36. Kc1 Rxc3+ 0-1


[Site "https://www.chess.com"]

[Event "Titled Tuesday Blitz February 28 Late 2023"]
[White "Matinian, Nikita"]
[Black "Hansen, Eric"]
[WhiteFideId "24129100"]
[BlackFideId "2606771"]
[WhiteElo "2422"]
[BlackElo "2569"]
[Result "0-1"]
[Round "07"]
[TimeControl "180+2"]
[Date "2023.02.28"]
[WhiteClock "0:00:01"]
[BlackClock "0:02:19"]

1. e4 c5 2. Nf3 e6 3. d4 cxd4 4. Nxd4 a6 5. Nc3 Qc7 6. Be2 Nf6 7. O-O Bb4 8. Qd3 Nc6 9. Bg5 h5 10. Nxc6 bxc6 11. f4 d5 12. Bf3 a5 13. exd5 Ba6 14. Qe3 cxd5 15. Bxf6 gxf6 16. Nxd5 Qc5 17. Rfe1 Qxe3+ 18. Rxe3 Bc5 19. Re1 Rc8 20. Nxf6+ Ke7 21. Nd5+ Kf8 22. Nc3 Rb8 23. Na4 Bxe3+ 24. Rxe3 Rb4 25. Nc5 Bc8 26. Nd3 Rc4 27. c3 a4 28. Ne5 Rxf4 0-1


[Site "https://www.chess.com"]

[Event "Titled Tuesday Blitz February 28 Late 2023"]
[White "Rosen, Eric"]
[Black "Perez Ponsa, Federico"]
[WhiteFideId "2032562"]
[BlackFideId "117927"]
[WhiteElo "2359"]
[BlackElo "2592"]
[Result "0-1"]
[Round "07"]
[TimeControl "180+2"]
[Date "2023.02.28"]
[WhiteClock "0:00:04"]
[BlackClock "0:01:07"]

1. d4 Nf6 2. Bf4 c5 3. e3 Qb6 4. Na3 d6 5. Nc4 Qc7 6. Nf3 g6 7. e4 Nh5 8. Be3 Bg7 9. c3 O-O 10. Be2 Bg4 11. O-O Bxf3 12. gxf3 cxd4 13. cxd4 d5 14. Ne5 Bxe5 15. dxe5 dxe4 16. f4 Ng7 17. Qa4 Qc6 18. Bb5 Qe6 19. Qxe4 Nc6 20. Bc4 Qg4+ 21. Qg2 Qh5 22. Rfe1 Nf5 23. Be2 Qh4 24. Bg4 e6 25. Bc5 Rfd8 26. Rad1 Rxd1 27. Rxd1 Rd8 28. Qf3 Nfd4 29. Qg3 Qxg3+ 30. hxg3 h5 31. Rxd4 Nxd4 32. Bh3 b6 33. Bd6 Nf5 34. Bb4 Rd1+ 35. Bf1 h4 36. g4 Nd4 37. Bc3 Ne2+ 38. Kg2 h3+ 39. Kf3 Nxc3 40. Bxh3 Rd3+ 41. Kg2 Nxa2 42. f3 Rd2+ 43. Kg3 Rxb2 44. Kh4 Nc3 45. Kg5 Nd5 46. Bf1 Rf2 47. Ba6 Rxf3 48. Kh6 Rxf4 49. Be2 a5 50. Bd1 b5 51. Be2 b4 52. Bd1 Nc3 53. Kg5 Nxd1 54. Kxf4 b3 55. Kg5 b2 56. Kh6 Ne3 57. g5 Nf5# 0-1


[Site "https://www.chess.com"]

[Event "Titled Tuesday Blitz February 28 Late 2023"]
[White "Ibarra Jerez, Jose Carlos"]
[Black "Fiorito, Francisco"]
[WhiteFideId "2226332"]
[BlackFideId "180165"]
[WhiteElo "2638"]
[BlackElo "2341"]
[Result "1-0"]
[Round "07"]
[TimeControl "180+2"]
[Date "2023.02.28"]
[WhiteClock "0:01:23"]
[BlackClock "0:01:44"]

1. e4 c5 2. Nc3 Nc6 3. Nge2 g6 4. d4 cxd4 5. Nxd4 Bg7 6. Be3 Bf6 7. Bc4 d6 8. Bb3 h5 9. Qd2 Bg7 10. O-O-O Bd7 11. f4 Nf6 12. f5 Nxd4 13. Bxd4 gxf5 14. exf5 Bxf5 15. Rhf1 Bg6 16. Kb1 Qa5 17. Bxf6 Bxf6 18. Rxf6 exf6 19. Qxd6 a6 20. Nd5 1-0


[Site "https://www.chess.com"]

[Event "Titled Tuesday Blitz February 28 Late 2023"]
[White "Alikhanov, Felix"]
[Black "Bernadskiy, Vitaliy"]
[WhiteFideId "4157427"]
[BlackFideId "14100371"]
[WhiteElo "2425"]
[BlackElo "2488"]
[Result "0-1"]
[Round "07"]
[TimeControl "180+2"]
[Date "2023.02.28"]
[WhiteClock "0:00:01"]
[BlackClock "0:00:42"]

1. e4 c5 2. Nf3 e6 3. c3 Nf6 4. e5 Nd5 5. Bc4 Be7 6. O-O O-O 7. d4 cxd4 8. cxd4 Nc6 9. Qe2 d6 10. Qe4 Ndb4 11. exd6 Qxd6 12. Nc3 Na5 13. Be2 Nd5 14. Bg5 Nc6 15. Bd3 g6 16. Bh6 Rd8 17. Rad1 Nf6 18. Qh4 Nh5 19. Bg5 Bxg5 20. Qxg5 Qf4 21. Qxf4 Nxf4 22. Be4 Ne7 23. g3 Nfd5 24. Rfe1 Nf6 25. Bc2 b6 26. Ne4 Nfd5 27. Bb3 Kg7 28. Ne5 a5 29. h4 f6 30. Nf3 Bb7 31. Nfd2 Nf5 32. Nc4 a4 33. Bc2 Nb4 34. Bb1 Nxd4 35. Kf1 Ba6 0-1


[Site "https://www.chess.com"]

[Event "Titled Tuesday Blitz February 28 Late 2023"]
[White "Moroni, Luca Jr"]
[Black "Skvortsov, Andrei"]
[WhiteFideId "865834"]
[BlackFideId "24108600"]
[WhiteElo "2569"]
[BlackElo "2259"]
[Result "1-0"]
[Round "07"]
[TimeControl "180+2"]
[Date "2023.02.28"]
[WhiteClock "0:02:12"]
[BlackClock "0:00:26"]

1. Nc3 d5 2. e4 e6 3. d4 Nf6 4. exd5 exd5 5. Bd3 c6 6. Nge2 Bd6 7. Bg5 h6 8. Bh4 O-O 9. Qd2 Re8 10. O-O-O b5 11. Rde1 a5 12. Nd1 a4 13. f3 b4 14. Bg3 Bf8 15. Nf4 b3 16. a3 bxc2 17. Bxc2 Na6 18. Rxe8 Qxe8 19. Re1 Qd8 20. Qd3 c5 21. Nh5 g6 22. Bh4 c4 23. Nxf6+ Qxf6 24. Bxf6 cxd3 25. Bxd3 Nc7 26. Nc3 Bd7 27. Be5 Rc8 28. Kb1 Be6 29. Nxa4 g5 30. Nc5 Bxc5 31. dxc5 Bd7 32. Bxc7 Rxc7 33. b4 Kf8 34. Kb2 1-0


[Site "https://www.chess.com"]

[Event "Titled Tuesday Blitz February 28 Late 2023"]
[White "Bjelobrk, Igor"]
[Black "Gokerkan, Cem Kaan"]
[WhiteFideId "4300726"]
[BlackFideId "6336760"]
[WhiteElo "2335"]
[BlackElo "2365"]
[Result "0-1"]
[Round "07"]
[TimeControl "180+2"]
[Date "2023.02.28"]
[WhiteClock "0:00:11"]
[BlackClock "0:00:10"]

1. d4 Nf6 2. c4 g6 3. Nc3 Bg7 4. e4 O-O 5. Nf3 d6 6. Be2 e5 7. d5 a5 8. Bg5 h6 9. Be3 Ng4 10. Bc1 f5 11. exf5 gxf5 12. g3 Na6 13. Nh4 Nf6 14. f4 Nc5 15. fxe5 dxe5 16. O-O Nfe4 17. Nxe4 Nxe4 18. Qc2 Qd6 19. Bd3 Qb6+ 20. Kg2 Bd7 21. Rb1 Rae8 22. Rf3 Ng5 23. Bxg5 e4 24. Bf4 exf3+ 25. Nxf3 Rf7 26. c5 Qf6 27. Bxc7 f4 28. Bxf4 Bg4 29. Ng1 Qd4 30. Bc4 Qxc5 31. d6 Kh8 32. Rf1 Qc6+ 33. Kf2 Bd4# 0-1


[Site "https://www.chess.com"]

[Event "Titled Tuesday Blitz February 28 Late 2023"]
[White "Diaz Perez, Michel Alejandro"]
[Black "Holt, Conrad"]
[WhiteFideId "3517179"]
[BlackFideId "2034387"]
[WhiteElo "2333"]
[BlackElo "2592"]
[Result "0-1"]
[Round "07"]
[TimeControl "180+2"]
[Date "2023.02.28"]
[WhiteClock "0:00:25"]
[BlackClock "0:01:30"]

1. e4 e6 2. d4 d5 3. Nd2 c5 4. dxc5 Bxc5 5. exd5 Qb6 6. Qf3 exd5 7. Nb3 Nf6 8. Nxc5 Qxc5 9. Bd3 O-O 10. Ne2 Bg4 11. Qe3 Qxe3 12. Bxe3 Re8 13. O-O-O d4 14. Nxd4 Bxd1 15. Rxd1 Na6 16. Bxa6 bxa6 17. h3 Nd5 18. Bg5 h6 19. Bh4 Nf4 20. Bg3 Re4 21. c3 Nxg2 22. Nc6 Nf4 23. Kb1 Ne2 24. Bh2 Re6 25. Nd4 Rd8 26. Kc2 Nxd4+ 27. cxd4 Re2+ 28. Kc3 Rxf2 29. Be5 f6 0-1


[Site "https://www.chess.com"]

[Event "Titled Tuesday Blitz February 28 Late 2023"]
[White "Gunduz, Umut Erdem"]
[Black "Maximov, Dmitry"]
[WhiteFideId "6381383"]
[BlackFideId "14105659"]
[WhiteElo "2182"]
[BlackElo "2494"]
[Result "1-0"]
[Round "07"]
[TimeControl "180+2"]
[Date "2023.02.28"]
[WhiteClock "0:00:13"]
[BlackClock "0:00:08"]

1. e4 c5 2. Nf3 d6 3. d4 cxd4 4. Nxd4 Nf6 5. Nc3 a6 6. Bg5 Nbd7 7. Qe2 h6 8. Bh4 g6 9. f4 Qc7 10. O-O-O Bg7 11. Kb1 O-O 12. g4 b5 13. Bg2 b4 14. e5 dxe5 15. fxe5 bxc3 16. exf6 exf6 17. Bxa8 Qb8 18. Nb5 axb5 19. Bd5 Ne5 20. h3 cxb2 21. Bg3 Qa7 22. Qe4 Nc4 23. Bxc4 bxc4 24. Bd6 Be6 25. Bxf8 Bxf8 26. Qd4 Qa5 27. Rhe1 Qa6 28. Qxf6 c3 29. Rxe6 Qxe6 30. Qxe6 fxe6 31. a4 e5 32. a5 Bc5 33. Rd5 Bg1 34. Rxe5 Kf7 35. a6 Kf6 36. Rb5 Bf2 37. Rb7 Kg5 38. a7 Bxa7 39. Rxa7 Kh4 40. Ra6 Kxh3 41. Rxg6 Kh4 42. Rxh6+ Kxg4 43. Rc6 Kf4 44. Rxc3 Ke4 45. Kxb2 Kd4 46. Rd3+ Kc4 47. Kc1 1-0


[Site "https://www.chess.com"]

[Event "Titled Tuesday Blitz February 28 Late 2023"]
[White "Fiorito, Joaquin"]
[Black "Rozman, Levy"]
[WhiteFideId "180173"]
[BlackFideId "2039877"]
[WhiteElo "2157"]
[BlackElo "2376"]
[Result "0-1"]
[Round "07"]
[TimeControl "180+2"]
[Date "2023.02.28"]
[WhiteClock "0:00:37"]
[BlackClock "0:00:04"]

1. d4 g6 2. e4 Bg7 3. Nc3 a6 4. f4 d5 5. e5 h5 6. Nf3 Nh6 7. Be2 Nc6 8. Be3 Bg4 9. O-O Nf5 10. Bf2 Bh6 11. h3 Bxf4 12. hxg4 hxg4 13. Nh4 g3 14. Nxf5 gxf5 15. Bxg3 Bxg3 16. Rxf5 e6 17. Rf6 Nxe5 18. dxe5 Bh2+ 19. Kf2 Bxe5 20. Rf3 Qh4+ 21. Kf1 Bg3 22. Bd3 Qh1+ 23. Ke2 Qxg2+ 24. Ke3 d4+ 25. Kxd4 Rh4+ 26. Ne4 O-O-O+ 27. Ke3 e5 28. Qf1 Bf4+ 0-1


[Site "https://www.chess.com"]

[Event "Titled Tuesday Blitz February 28 Late 2023"]
[White "Quispe Arteaga, Gabriel"]
[Black "Plenca, Jadranko"]
[WhiteFideId "32059809"]
[BlackFideId "14527146"]
[WhiteElo "2274"]
[BlackElo "2491"]
[Result "0-1"]
[Round "07"]
[TimeControl "180+2"]
[Date "2023.02.28"]
[WhiteClock "0:00:01"]
[BlackClock "0:00:17"]

1. c4 c6 2. Nf3 d5 3. e3 Nf6 4. Nc3 a6 5. b3 Bf5 6. Bb2 h6 7. Be2 e6 8. d3 Nbd7 9. h3 Bb4 10. a3 Ba5 11. g4 Bh7 12. Rg1 dxc4 13. dxc4 Qe7 14. b4 Bc7 15. Qb3 O-O-O 16. O-O-O Ne5 17. Nd4 c5 18. bxc5 Qxc5 19. f4 Nc6 20. Na4 Nxd4 21. Bxd4 Qc6 22. f5 exf5 23. gxf5 Bxf5 24. Rdf1 Bg6 25. Bf3 Ne4 26. Nc3 Rhe8 27. Bxe4 Bxe4 28. Rxf7 g5 29. Rgf1 Bd3 30. Rd1 Bxc4 31. Rxc7+ Qxc7 32. Qb4 Bf7 33. Kb2 Qc4 34. Qb6 Re6 35. Qa7 Kc7 36. Rc1 Kd7 37. Qxb7+ Ke8 38. Ka1 Rc6 39. Rc2 Qf1+ 40. Kb2 Qc4 41. Ka1 Bd5 42. Rf2 Rf6 43. Rxf6 Bxb7 0-1


[Site "https://www.chess.com"]

[Event "Titled Tuesday Blitz February 28 Late 2023"]
[White "Yuan, Qingyu"]
[Black "Vlassov, Nikolai"]
[WhiteFideId "8609772"]
[BlackFideId "4103360"]
[WhiteElo "2359"]
[BlackElo "2324"]
[Result "0-1"]
[Round "07"]
[TimeControl "180+2"]
[Date "2023.02.28"]
[WhiteClock "0:00:02"]
[BlackClock "0:00:52"]

1. e4 Nc6 2. Nf3 d5 3. exd5 Qxd5 4. Nc3 Qa5 5. d4 Bg4 6. Bd2 O-O-O 7. Nb5 Qb6 8. a4 Bxf3 9. Qxf3 Nxd4 10. Qh3+ e6 11. Bd3 a6 12. Nxd4 Qxd4 13. O-O Nf6 14. Rfb1 Bc5 15. Be3 Qd5 16. b4 Bxe3 17. Qxe3 Qd4 18. Qg3 Ne4 19. Bxe4 Qxe4 20. b5 a5 21. b6 cxb6 22. Rxb6 Rd7 23. Qc3+ Kb8 24. h3 Rhd8 25. Rbb1 Rd2 26. Qxa5 Qxc2 27. Qb6 Rd1+ 28. Kh2 Rxb1 29. Rxb1 Qc7+ 30. g3 Qxb6 31. Rxb6 Rd4 32. a5 Ra4 33. Rb5 Ka7 34. Kg2 Ka6 35. Rb6+ Ka7 36. Rb5 Rd4 37. Rc5 Rd7 38. Kf3 Kb8 39. Ke4 f6 40. h4 Rc7 41. Rb5 Ka7 42. Rb6 Rc6 43. Rb5 Ka6 44. Rh5 h6 45. Kd4 Rd6+ 46. Ke4 Rd5 47. Rxd5 exd5+ 48. Kxd5 Kxa5 49. Ke6 b5 50. Kf7 b4 51. Kxg7 b3 52. Kxh6 b2 53. Kg6 b1=Q+ 54. Kxf6 Qb2+ 55. Kg5 Qxf2 56. g4 Qe3+ 57. Kh5 Qe8+ 58. Kg5 Qg8+ 59. Kh5 Qh7+ 60. Kg5 Qg7+ 61. Kh5 Kb5 62. g5 Kc5 63. g6 Kd5 64. Kg5 Ke5 65. h5 Qf6+ 66. Kh6 Ke6 67. Kh7 Qg5 68. h6 Kf6 69. g7 Qg6+ 70. Kg8 Qxh6 71. Kf8 Qxg7+ 0-1


[Site "https://www.chess.com"]

[Event "Titled Tuesday Blitz February 28 Late 2023"]
[White "Hambleton, Aman"]
[Black "Saveliev, Alexei"]
[WhiteFideId "2606577"]
[BlackFideId "24128546"]
[WhiteElo "2511"]
[BlackElo "2271"]
[Result "0-1"]
[Round "07"]
[TimeControl "180+2"]
[Date "2023.02.28"]
[WhiteClock "0:00:02"]
[BlackClock "0:01:35"]

1. d4 g6 2. c4 Bg7 3. e4 d6 4. Nc3 Nc6 5. Be3 e5 6. Nge2 f5 7. d5 Nce7 8. f3 Nf6 9. h3 O-O 10. Qd2 a6 11. g4 b5 12. g5 Nh5 13. cxb5 axb5 14. Nxb5 fxe4 15. fxe4 Ba6 16. Nec3 Ng3 17. Rg1 Nxf1 18. Rxf1 Rxf1+ 19. Kxf1 Qd7 20. a4 Bxb5+ 21. Nxb5 Rxa4 22. Na3 Qxh3+ 23. Ke2 Rxe4 24. Nc2 Nf5 25. Ra8+ Bf8 26. Kd3 Qf3 27. Qe2 Qh1 28. Ra1 Qh4 29. Qd2 Nxe3 30. Qxe3 Rxe3+ 31. Nxe3 Qd4+ 32. Ke2 Qxb2+ 33. Nc2 Qxc2+ 34. Kf3 Qc3+ 35. Kg4 Qxa1 36. Kf3 Qd4 37. Kg3 Qf4+ 38. Kh3 Qxg5 39. Kh2 Bg7 40. Kh3 e4 41. Kh2 e3 42. Kh3 e2 43. Kh2 e1=Q 44. Kh3 Qeg3# 0-1


[Site "https://www.chess.com"]

[Event "Titled Tuesday Blitz February 28 Late 2023"]
[White "Dourerassou, Jonathan"]
[Black "Sebag, Marie"]
[WhiteFideId "628050"]
[BlackFideId "617822"]
[WhiteElo "2499"]
[BlackElo "2440"]
[Result "0-1"]
[Round "07"]
[TimeControl "180+2"]
[Date "2023.02.28"]
[WhiteClock "0:00:08"]
[BlackClock "0:00:05"]

1. d4 d5 2. Nf3 Nf6 3. Bf4 c5 4. e3 Nc6 5. Nbd2 Nh5 6. Bg3 Nxg3 7. hxg3 e6 8. c3 Be7 9. Bd3 h6 10. Qe2 b6 11. g4 Bb7 12. Bb5 a6 13. Ba4 b5 14. Bc2 c4 15. e4 Qc7 16. g5 O-O-O 17. gxh6 gxh6 18. O-O-O b4 19. exd5 exd5 20. Ne5 bxc3 21. Bf5+ Kb8 22. bxc3 Ba3+ 23. Kc2 Qa5 24. Ndxc4 Qa4+ 25. Kb1 dxc4 26. Nxc4 Ka7 27. Bc2 Qb5+ 28. Ka1 Bb2+ 29. Kb1 Bxc3+ 30. Bb3 Na5 31. Rh5 f5 32. d5 Nxb3 33. axb3 Qxb3+ 34. Kc1 Rc8 35. Rh4 Bb2+ 36. Qxb2 Rxc4+ 37. Rxc4 Qxc4+ 38. Kb1 Rb8 39. Ka1 Bxd5 40. Qa3 Bb7 41. Rc1 Qb5 42. f4 Qb6 43. Qc3 Ka8 44. Rb1 Qc6 45. Qa3 Rc8 46. Rb2 Qc3 47. Qa2 Qc1+ 48. Rb1 Qc3+ 49. Rb2 Rd8 50. Qb1 Qa3+ 51. Ra2 Qc3+ 52. Rb2 Rd2 53. Qa2 Qxb2+ 54. Qxb2 Rxb2 55. Kxb2 Bxg2 56. Kc3 Be4 57. Kd4 h5 0-1


[Site "https://www.chess.com"]

[Event "Titled Tuesday Blitz February 28 Late 2023"]
[White "Di Nicolantonio, Lucas"]
[Black "Bilych, Olexiy"]
[WhiteFideId "680460"]
[BlackFideId "14156504"]
[WhiteElo "2358"]
[BlackElo "2320"]
[Result "1/2-1/2"]
[Round "07"]
[TimeControl "180+2"]
[Date "2023.02.28"]
[WhiteClock "0:00:05"]
[BlackClock "0:00:12"]

1. Nf3 d5 2. e3 Nf6 3. c4 e6 4. Nc3 Bd6 5. b3 O-O 6. Bb2 Re8 7. Be2 b6 8. Qc2 a6 9. Rg1 Bb7 10. g4 Nbd7 11. g5 Ne4 12. cxd5 exd5 13. Nxe4 dxe4 14. Nd4 c5 15. Nf5 Be5 16. O-O-O Bxb2+ 17. Qxb2 Ne5 18. Kb1 Qd7 19. Bg4 Qd3+ 20. Ka1 Rad8 21. h4 Bc8 22. h5 Bxf5 23. Bxf5 g6 24. hxg6 fxg6 25. f4 Nc6 26. Bxg6 hxg6 27. Rh1 Nd4 28. exd4 Rxd4 29. Rh6 e3 30. Rdh1 exd2 31. Rh8+ Kf7 32. R1h7+ Ke6 33. Rxe8+ Kf5 34. Rf8+ Kg4 35. Rh1 d1=Q+ 36. Rxd1 Qxd1+ 37. Qb1 Qxb1+ 38. Kxb1 Rxf4 39. Rf6 Kxg5 40. Rxb6 c4 41. Rxa6 cxb3 42. axb3 Rb4 43. Kb2 Rb8 44. Ka3 Kf5 45. b4 g5 46. Ka4 g4 47. Ra7 Rg8 48. b5 Ke6 49. Rc7 g3 50. Rc1 g2 51. Rg1 Kd5 52. Kb4 Rg4+ 53. Ka5 Rg8 54. Kb4 Kd4 55. b6 Kd5 56. Kb5 Kd6 57. Rd1+ Ke6 58. b7 g1=Q 59. Rxg1 Rxg1 60. Kc6 Rc1+ 61. Kb6 Kd7 62. b8=Q Rb1+ 63. Ka7 Ra1+ 64. Kb7 Rb1+ 65. Ka7 Ra1+ 66. Kb7 Rb1+ 67. Ka7 1/2-1/2


[Site "https://www.chess.com"]

[Event "Titled Tuesday Blitz February 28 Late 2023"]
[White "Janaszak, Dawid"]
[Black "Nasuta, Grzegorz"]
[WhiteFideId "1119206"]
[BlackFideId "1141686"]
[WhiteElo "2220"]
[BlackElo "2449"]
[Result "0-1"]
[Round "07"]
[TimeControl "180+2"]
[Date "2023.02.28"]
[WhiteClock "0:00:02"]
[BlackClock "0:00:02"]

1. d4 Nf6 2. Bf4 c5 3. d5 Qb6 4. Nc3 Qxb2 5. Bd2 Qb6 6. e4 d6 7. Rb1 Qd8 8. f4 e6 9. dxe6 fxe6 10. e5 Nd5 11. Nxd5 exd5 12. Bd3 g6 13. Nf3 Bg7 14. exd6 O-O 15. O-O Qxd6 16. Ne5 Nc6 17. Bc3 b6 18. Re1 Nxe5 19. Bxe5 Bxe5 20. fxe5 Qe6 21. Qd2 Bd7 22. h3 Rae8 23. Kh1 Bc6 24. Qg5 d4 25. Re2 Qxh3+ 26. Kg1 Qe6 27. Rbe1 Kg7 28. a4 c4 29. Be4 Bxa4 30. Bf3 d3 31. cxd3 cxd3 32. Re4 Bc2 33. Rh4 Qe7 34. Qh6+ Kh8 35. Rh3 Qg7 36. Qd2 Rxe5 37. Rf1 Ree8 38. Kh2 Re7 39. Rh1 Qe5+ 40. g3 Rxf3 41. Kg2 Rf8 42. Re1 Qxe1 0-1


[Site "https://www.chess.com"]